Map: Kairos Junction LE

Players

masimowt - Winner!

  • Race: Terran Terran
  • Spawn Location: 5:00

playezvibe

  • Race: Zerg Zerg
  • League: Silver
  • Spawn Location: 11:00

VOD

Have the link to the VOD?

Description

Time

  • Played on: May 18, 2019, 8:25 a.m.
  • Length: 5:55
Show
View Real Time Build Order
Export as new Build Order

masimowt Terran - Winner!

Build Orders: 1/1/1, Liberator Opening 

Get SALT Encoding   

  12  0:01  SCV  
  13  0:13  SCV  
  14  0:18  Supply Depot  
  14  0:25  SCV  
  15  0:31  Refinery  
  15  0:43  Barracks  
  15  0:45  SCV  
  16  0:57  SCV, Refinery  
  17  1:09  Supply Depot  
  17  1:10  SCV  
  18  1:22  SCV  
  19  1:34  Factory  
  19  1:40  SCV  
  19  1:45  Marine  
  21  1:52  SCV  
  22  2:03  Marine  
  22  2:04  SCV  
  24  2:19  Factory Tech Lab  
  24  2:20  Marine, Starport  
  25  2:29  Armory  
  25  2:38  Marine  
  25  2:40  Orbital Command  
  26  2:56  Marine  
  26  2:57  Supply Depot  
  27  2:59  Medivac  
  29  3:09  SCV  
  30  3:23  Thor  
  30  3:26  Marine  
  37  3:35  Supply Depot  
  37  3:39  Liberator  
  37  3:50  SCV  
  38  3:57  Supply Depot  
  38  4:00  Marine  
  42  4:27  SCV  
  42  4:28  Siege Tank  
  42  4:31  Marine  
  47  4:45  Command Center  
  47  4:50  Marine  
  47  4:52  Starport Reactor  
  48  4:58  Factory  
  48  5:00  Siege Tank  
Show
View Real Time Build Order
Export as new Build Order

playezvibe Zerg 

Build Orders: Pool First 

Get SALT Encoding   

  12  0:08  Overlord  
  12  0:21  Drone x2  
  14  0:31  Extractor  
  14  0:35  Drone x2  
  15  0:59  Spawning Pool  
  15  1:02  Drone  
  15  1:03  Drone  
  16  1:18  Drone x2  
  18  1:34  Drone  
  18  1:39  Drone  
  20  1:50  Metabolic Boost  
  20  1:54  Hatchery  
  20  1:58  Queen  
  21  2:21  Zergling x2  
  22  2:23  Overlord  
  22  2:46  Drone  
  22  2:47  Zergling x4  
  25  3:09  Spore Crawler  
  24  3:15  Drone x4  
  24  3:16  Drone  
  29  3:23  Drone x2  
  31  3:45  Drone  
  31  3:46  Drone  
  33  3:51  Overlord  
  33  3:53  Drone x2  
  35  4:02  Overlord  
  35  4:03  Drone  
  36  4:10  Drone  
  36  4:11  Drone  
  38  4:18  Pneumatized Carapace  
  38  4:29  Drone  
  38  4:30  Drone  
  40  4:40  Zergling x6  
  43  5:00  Queen  
  43  5:04  Drone  
  43  5:05  Overlord  
  46  5:08  Zergling x2  
  46  5:09  Hatchery  
  25  5:38  Spore Crawler  
Tags
 
Add a new tag
Caveats
  • Supply blocks, unpowered buildings, or Contaminate may cause inaccurate times.
  • Supply counts are checked every 10 seconds.